 Dungeon Crawl Stone Soup version 0.31-a0-303-gdc8c9485ea (webtiles) character file.

Game seed: 9113843972028921118

126 LeprechaunX the Changeling (level 5, 0/54 HPs)
             Began as an Octopode Shapeshifter on July 17, 2023.
             Slain by a gnoll
             ... wielding a +0 spear of flaming
              (1 damage)
             ... on level 3 of the Dungeon.
             The game lasted 00:04:01 (2024 turns).

LeprechaunX the Changeling (Octopode Shapeshifter)  Turns: 2024, Time: 00:04:02

Health: 0/54       AC: 22    Str: 16    XL:     5   Next: 9%
Magic:  5/5        EV:  2    Int: 11    God:
Gold:   148        SH:  0    Dex: 12    Spells: 4/4 levels left

rFire   . .          .
                       - Unarmed
rCold   . . .        d - orb {light}
rNeg    . . .        (helmet currently unavailable)
rPois   +            (no amulet)
rElec   .            g - ring of resist corrosion
rCorr   +            (no ring)
SInv    .            (no ring)
Will    .....        (no ring)
Stlth   +            (no ring)
HPRegen 0.29/turn    (no ring)
MPRegen 0.09/turn    (no ring)
                     (no ring)

%: no passive effects
@: tree-form (expiring), glowing
A: stationary, stasis, torment immunity, boosted hp, almost no armour,
(amphibious), 8 rings, (camouflage 1), (gelatinous body 1), (nimble swimmer 1),
(tentacles)
a: no special abilities


You were on level 3 of the Dungeon.
You were a tree.
You visited 1 branch of the dungeon, and saw 3 of its levels.

You collected 148 gold pieces.

Inventory:

Missiles
 h - an atropa-tipped dart (quivered)
Armour
 d - an orb of light (worn)
Jewellery
 g - a ring of resist corrosion (left branch)
Talismans
 b - a beast talisman
Scrolls
 c - 3 scrolls of identify {unknown}
 i - a scroll of enchant armour {unknown}
 j - a scroll of torment {unknown}
 l - a scroll of teleportation {unknown}
Potions
 e - a potion of magic {unknown}
 f - a potion of haste {unknown}
 k - a potion of invisibility {unknown}


   Skills:
 + Level 3.0 Fighting
 - Level 2.0 Dodging
 + Level 3.0 Unarmed Combat
 * Level 4.1 Shapeshifting


You had 4 spell levels left.
You didn't know any spells.
Your spell library contained the following spells:

 Spells                   Type           Power      Damage    Failure   Level
 Sublimation of Blood     Necr           0%         N/A       47%         2
 Gell's Gravitas          Tloc           0%         N/A       71%         3
 Teleport Other           Tloc           0%         N/A       71%         3
 Petrify                  Tmut/Erth      0%         N/A       98%         4
 Irradiate                Conj/Tmut      0%         3d11      100%        5
 Dispersal                Tloc           0%         N/A       100%        6


Dungeon Overview and Level Annotations

Branches:
Dungeon (3/15)

Altars:

Shops:
D:1 *:!   D:2 :


Innate Abilities, Weirdness & Mutations

You are a tree.
Your roots penetrate the ground, keeping you stationary.
You cannot be teleported.
You are immune to unholy pain and torment.
Your maximum health is greatly increased.
You cannot wear most types of armour.
((You are amphibious.))
You can wear up to eight rings at the same time.
((Your skin changes colour to match your surroundings (Stealth+).))
((Your rubbery body absorbs attacks. (AC +1, EV +1)))
((You are camouflaged when in or above water. (Stealth+)))
((You have tentacles for arms and can constrict up to eight enemies at once.))


Message History

You swing at nothing.
The gnoll hits you from afar with a +0 spear of flaming.
The gnoll burns you.
You swing at nothing.
The gnoll hits you but does no damage.
You cannot move.
You cannot move.
You cannot move.
You cannot move.
The gnoll hits you but does no damage.
The gnoll hits you from afar with a +0 spear of flaming.
* * * LOW HITPOINT WARNING * * *
The gnoll burns you.
* * * LOW HITPOINT WARNING * * *
The gnoll hits you but does no damage. The gnoll hits you but does no damage.
The gnoll hits you but does no damage. The gnoll hits you but does no damage.
The gnoll hits you but does no damage.
The gnoll hits you from afar with a +0 spear of flaming.
* * * LOW HITPOINT WARNING * * *
The gnoll burns you.
* * * LOW HITPOINT WARNING * * *
Your transformation is almost over.
The gnoll barely misses you.
The gnoll hits you from afar with a +0 spear of flaming.
* * * LOW HITPOINT WARNING * * *
The gnoll burns you.
* * * LOW HITPOINT WARNING * * *
The gnoll hits you but does no damage. The gnoll hits you but does no damage.
The gnoll hits you but does no damage.
The gnoll hits you from afar with a +0 spear of flaming.
* * * LOW HITPOINT WARNING * * *
The gnoll burns you.
* * * LOW HITPOINT WARNING * * *
The gnoll hits you but does no damage.
The gnoll hits you from afar with a +0 spear of flaming.
* * * LOW HITPOINT WARNING * * *
The gnoll burns you.
You die...

..... ..♣....
###########
)..♣. #....#
.....
####.######
...
###..........
..)
#.##.#.######
♣g♣ #.##)#.#
♣)♣###.##.#.#
#♣##.#.##.#.#
#.##.#....#.#
#....####...#
####......###
#.####.# ###
###


You could see a gnoll.

Vanquished Creatures
  Robin (D:3)
  3 gnolls (D:3)
  A worm (D:2)
  A dart slug (D:1)
  10 ball pythons
  8 endoplasms
  15 goblins
  10 hobgoblins
  4 jackals (D:2)
  4 kobolds
  2 quokkas (D:1)
  5 bats
  5 frilled lizards
  5 rats
74 creatures vanquished.

Notes
Turn   | Place    | Note
-------+----------+-------------------------------------------
     0 | D:1      | LeprechaunX the Octopode Shapeshifter began the quest for
                  | the Orb.
     0 | D:1      | Reached XP level 1. HP: 14/14 MP: 1/1
    20 | D:1      | Reached XP level 2. HP: 19/19 MP: 2/2
    75 | D:1      | Found Emobim's Distillery.
   251 | D:1      | Reached XP level 3. HP: 25/25 MP: 3/3
   302 | D:1      | Found Aleoschuq's Book Shop.
   461 | D:1      | Found Cusirad's General Store.
   602 | D:2      | Noticed a walking earthen tome
   858 | D:2      | Reached XP level 4. HP: 30/30 MP: 4/4
  1204 | D:2      | Found Suwkeuryf's Book Emporium.
  1206 | D:2      | Noticed a walking frostbound tome
  1785 | D:3      | Noticed Robin
  1793 | D:3      | Killed Robin
  1826 | D:3      | Reached skill level 4 in Shapeshifting
  1994 | D:3      | Reached XP level 5. HP: 24/36 MP: 5/5
  2024 | D:3      | HP: 1/54 [gnoll/+0 spear of flaming (6)]
  2024 | D:3      | Slain by a gnoll

Illustrated notes

Levels and vault maps discovered:
D:1:      minmay_arrival_checkered_box, layout_rooms, serial_shops, shop, shop,
          nicolae_shop_advertising_works [nicolae_subvault_shop_adworks],
          minmay_tetromino_s2
D:2:      layout_basic, serial_shops, nicolae_shop_mannequins
D:3:      layout_basic, pf_guarded_unrand_woodcutter, uniq_robin

Skill      XL: |  1  2  3  4  5 |
---------------+----------------+-----
Shapeshifting  | 4 |  4.1
Unarmed Combat | 3 |  3.0
Fighting       | 3 |  3.0
Dodging        | |  2.0

Action                     |  1- 3 |  4- 6 || total
---------------------------+-------+-------++-------
  Melee: Unarmed           |    71 |    46 ||   117
         Tentacles         |    18 |    10 ||    28
         Constrict         |    25 |    11 ||    36
         Punch             |     1 |       ||     1
  Throw: Dart              |       |     4 ||     4
    Use: Potion            |       |     1 ||     1
   Stab: Sleeping          |     3 |     2 ||     5
 Armour: Skin              |     1 |    25 ||    26
  Dodge: Dodged            |    39 |    10 ||    49

Table legend: (Time is in decaauts)
 A = Elapsed time spent in this place.
 B = Non-inter-level travel time spent in this place.
 C = Inter-level travel time spent in this place.
 D = Time resting spent in this place.
 E = Time spent auto-exploring this place.
 F = Levels seen in this place.
 G = Mean time per level.
                   A        B        C        D        E       F      G
               +--------+--------+--------+--------+--------+-----+--------+
         Total |   2016 |   1942 |     74 |      0 |   1575 |   3 |  672.0 |
       Dungeon |   2016 |   1942 |     74 |      0 |   1575 |   3 |  672.0 |
               +--------+--------+--------+--------+--------+-----+--------+

Top non-repeatable levels by time:
     D:2: 798 daAuts
     D:3: 663 daAuts
     D:1: 554 daAuts
